 Dungeon Crawl Stone Soup version 0.30-a0-782-ge64f9170bb (webtiles) character file.

Game seed: 18422047088907014338

478 Greynoma the Ruffian (level 6, 0/61 HPs)
             Began as a Troll Berserker on Mar 16, 2023.
             Was a Believer of Trog.
             Slain by a gnoll
             ... wielding a +2 spear of pain
              (1 damage)
             ... on level 3 of the Dungeon.
             The game lasted 00:09:17 (2111 turns).

Greynoma the Ruffian (Troll Berserker)              Turns: 2111, Time: 00:09:18

Health: 0/61       AC:  4    Str: 28    XL:     6   Next: 85%
Magic:  5/5        EV: 10    Int:  3    God:    Trog [**....]
Gold:   137        SH:  0    Dex:  9    Spells: 5/5 levels left

rFire   . . .      SeeInvis .      - Unarmed
rCold   . . .      Faith    .    (no shield)
rNeg    . . .      Spirit   .    a - +0 animal skin
rPois   .          Reflect  .    (helmet restricted)
rElec   .          Harm     .    (no cloak)
rCorr   .          Rampage  .    (gloves unavailable)
Will    .....                    (boots unavailable)
Stlth   +                        (no amulet)
HPRegen 1.10/turn                (no ring)
MPRegen 0.09/turn                (no ring)

@: lethally poisoned (0 -> -5)
A: large, unfitting armour, claws 3, regeneration 1, shaggy fur 1, tough skin 1
a: Renounce Religion, Berserk, Trog's Hand


You were on level 3 of the Dungeon.
You worshipped Trog.
Trog was pleased with you.
You visited 1 branch of the dungeon, and saw 3 of its levels.

You collected 137 gold pieces.

Inventory:

Armour
 a - a +0 animal skin (worn)
 d - a +0 leather armour of fire resistance
Jewellery
 g - a ring of poison resistance
Scrolls
 e - a scroll of identify
 f - a scroll of enchant armour
Potions
 b - 3 potions of heal wounds
 c - 2 potions of brilliance


   Skills:
 + Level 3.4 Fighting
 + Level 3.7 Dodging
 + Level 0.3 Stealth
 + Level 6.2 Unarmed Combat


You had 5 spell levels left.
You didn't know any spells.
Your spell library was empty.

Dungeon Overview and Level Annotations

Branches:
Dungeon (3/15)

Altars:
The Shining One


Innate Abilities, Weirdness & Mutations

You are too large for most types of armour.
You have claws for hands.
Your natural rate of healing is unusually fast.
You are covered in fur. (AC +1)
You have tough skin. (AC +1)


Message History

You kill the gnoll!
Trog accepts your kill.
You feel sick.
The gnoll hits you from afar with a +1 spear of venom.
The gnoll hits you from afar with a +2 spear of pain.
You feel sick.
The gnoll hits you with a +1 spear of venom!
You are more poisoned.
The gnoll hits you with a +2 spear of pain.
You writhe in agony.
Things that are here:
a +0 spear; a +0 spear; a gnoll corpse You claw the gnoll!
The gnoll is almost dead.
You feel very sick.
The gnoll hits you with a +1 spear of venom!
You are more poisoned.
The gnoll hits you with a +2 spear of pain.
* * * LOW HITPOINT WARNING * * *
You mangle the gnoll!!
You kill the gnoll!
Trog accepts your kill.
* * * LOW HITPOINT WARNING * * *
You feel very sick. The gnoll closely misses you.
* * * LOW HITPOINT WARNING * * *
You feel very sick. The gnoll hits you but does no damage.
You see here a +1 spear of venom.
You scratch the gnoll.
The gnoll is lightly wounded.
* * * LOW HITPOINT WARNING * * *
You feel very sick. The gnoll barely misses you.
You closely miss the gnoll.
The gnoll is lightly wounded.
* * * LOW HITPOINT WARNING * * *
You feel very sick.
The gnoll hits you with a +2 spear of pain.
You die...

#........................
######.........##########
#...........#
#...........########
#...................
#...................
#...................
#...................
#.g@...)............
###)######.......... #)#
#.......... #)#
#.......... #.#
#.......... #.#
#.......... #.#
#.......... #.#
#..........
##.################


You could see a gnoll.

Vanquished Creatures
  Grinder (D:3)
  A scorpion (D:2)
  5 adders
  11 gnolls
  4 worms
  2 dart slugs
  2 orcs (D:3)
  3 bats
  7 endoplasms
  A giant cockroach (D:2)
  5 hobgoblins
  3 kobolds
  2 quokkas (D:1)
  2 ball pythons (D:2)
  3 frilled lizards
  4 goblins
  A rat (D:1)
57 creatures vanquished.

Notes
Turn   | Place    | Note
-------+----------+-------------------------------------------
     0 | D:1      | Greynoma the Troll Berserker began the quest for the Orb.
     0 | D:1      | Reached XP level 1. HP: 22/22 MP: 0/0
   230 | D:1      | Reached XP level 2. HP: 29/29 MP: 1/1
   681 | D:2      | Reached XP level 3. HP: 27/36 MP: 2/2
   851 | D:2      | Noticed a scorpion
   859 | D:2      | Killed a scorpion
   860 | D:2      | Reached skill level 4 in Unarmed Combat
   860 | D:2      | Reached XP level 4. HP: 41/45 MP: 3/3
  1014 | D:2      | Reached XP level 5. HP: 35/53 MP: 4/4
  1099 | D:2      | Reached ** piety under Trog
  1575 | D:3      | Noticed Grinder
  1589 | D:3      | Paralysed by Grinder for 2 turns
  1594 | D:3      | Paralysed by Grinder for 5 turns
  1630 | D:3      | Killed Grinder
  1631 | D:3      | Reached skill level 5 in Unarmed Combat
  1631 | D:3      | Reached XP level 6. HP: 33/61 MP: 5/5
  1734 | D:3      | Reached skill level 6 in Unarmed Combat
  1785 | D:3      | Found a glowing golden altar of the Shining One.
  2110 | D:3      | HP: 3/61 [poisoned by a gnoll]
  2111 | D:3      | HP: 1/61 [poisoned by a gnoll]
  2111 | D:3      | Slain by a gnoll

Illustrated notes

Levels and vault maps discovered:
D:1:      minmay_arrival_semitransparent, layout_loops_ring
D:2:      layout_loops_ring, chequers_serial_rivers_large_b,
          minmay_stone_trees_small
D:3:      layout_basic, tso_oasis_becter, uniq_grinder

Skill      XL: |  1  2  3  4  5  6 |
---------------+-------------------+-----
Dodging        | 3 |  3.7
Fighting       | 3 |  3.4
Unarmed Combat | 4 5 6 |  6.2
Stealth        | |  0.3

Action                     |  1- 3 |  4- 6 || total
---------------------------+-------+-------++-------
  Melee: Unarmed           |    56 |    98 ||   154
         Punch             |       |     2 ||     2
    Use: Scroll            |     2 |     5 ||     7
         Potion            |     1 |     1 ||     2
   Stab: Sleeping          |       |     1 ||     1
 Armour: Animal skin       |    15 |    17 ||    32
  Dodge: Dodged            |    26 |    39 ||    65

Table legend: (Time is in decaauts)
 A = Elapsed time spent in this place.
 B = Non-inter-level travel time spent in this place.
 C = Inter-level travel time spent in this place.
 D = Time resting spent in this place.
 E = Time spent auto-exploring this place.
 F = Levels seen in this place.
 G = Mean time per level.
                   A        B        C        D        E       F      G
               +--------+--------+--------+--------+--------+-----+--------+
         Total |   2098 |   2051 |     47 |      0 |   1543 |   3 |  699.3 |
       Dungeon |   2098 |   2051 |     47 |      0 |   1543 |   3 |  699.3 |
               +--------+--------+--------+--------+--------+-----+--------+

Top non-repeatable levels by time:
     D:2: 811 daAuts
     D:3: 661 daAuts
     D:1: 625 daAuts
